AoeStats
← Trabzonli Bela

Arena

511087604Analyzed
2v2 RM · 2h ago on Oct 3, 2026· 37m 38s· 4 players
Game mode
Random Map
Map size
Medium (4 player)
Population
200
Speed
Normal
Resources
Standard
Victory
Conquest
Starting age
Dark Age
Ending age
Imperial Age
RankedLock teamsTeams togetherTeam positionsShared explorationLock speedFull tech treeHidden civsTurbo modeCheats
Victory
Defeat
🇧🇴 Poles · Bolivia
967
+20
🇹🇷 Turks · Türkiye
964
+14
🇱🇹 Mongols · Lithuania
945
-33
🇱🇹 Aztecs · Lithuania
902
-24
axelbex123
11:24 Feudal Age
15:28 Castle Age
13:29 Double-Bit Axe
13:27 Horse Collar
17:01 Wheelbarrow
17:12 Loom
20:38 Stone Mining
22:14 Heavy Plow
23:12 Stone Shaft Mining
23:38 Bow Saw
25:11 Hand Cart
25:28 Forging
29:29 Imperial Age
27:05 Gold Mining
29:22 Husbandry
29:31 Scale Barding Armor
30:01 Iron Casting
32:52 Chain Barding Armor
32:49 Bloodlines
33:31 Cavalier
34:44 Szlachta Privileges
35:20 Siege Engineers
36:54 Blast Furnace
37:41 Conscription
Trabzonli Bela
9:01 Loom
10:55 Feudal Age
12:53 Double-Bit Axe
15:41 Castle Age
15:30 Horse Collar
23:47 Bow Saw
25:34 Heavy Plow
25:47 Gold Mining
31:38 Imperial Age
29:33 Forging
30:28 Town Watch
31:22 Wheelbarrow
31:31 Wheelbarrow
31:23 Scale Barding Armor
33:28 Conscription
34:23 Ballistics
Benj. Franklin
9:40 Feudal Age
16:10 Castle Age
17:18 Double-Bit Axe
20:43 Horse Collar
24:02 Stone Mining
24:03 Gold Mining
23:42 Elite Skirmisher
26:55 Bow Saw
27:22 Ballistics
28:56 Wheelbarrow
29:06 Fletching
29:52 Atlatl
30:38 Padded Archer Armor
30:42 Heavy Plow
30:49 Pikeman
34:55 Imperial Age
32:41 Squires
33:29 Stone Shaft Mining
33:41 Gold Shaft Mining
33:22 Bodkin Arrow
33:23 Eagle Warrior
35:04 Forging
35:03 Elite Eagle Warrior
37:26 Conscription
38:34 Chemistry
Rimtega
9:33 Feudal Age
10:30 Horse Collar
10:35 Double-Bit Axe
11:43 Wheelbarrow
16:22 Castle Age
20:29 Bow Saw
19:59 Horse Collar
20:12 Stone Mining
24:38 Gold Mining
24:49 Heavy Plow
25:13 Loom
31:41 Imperial Age
29:34 Ballistics
30:27 Stone Shaft Mining
30:28 Gold Shaft Mining
31:30 Padded Archer Armor
31:20 Fletching
31:51 Hand Cart
34:12 Chemistry
33:34 Leather Archer Armor
33:14 Bodkin Arrow
32:54 Onager
35:47 Drill
Connection lost

Rejoining the realm…

Still unreachable

The connection could not be restored.

Session expired

The server has moved on; the page needs a fresh start.